Map: Dédale EC

Players

defer

  • Race: Protoss Protoss
  • Spawn Location: 7:00

IA (très facile) - Winner!

  • Race: Terran Terran
  • Spawn Location: 1:00

VOD

Have the link to the VOD?

Description

Time

  • Played on: May 21, 2018, 6:32 a.m.
  • Length: 4:58
Show
View Real Time Build Order
Export as new Build Order

defer Protoss 

Build Orders:  

Get SALT Encoding   

  6  0:00  Probe  
  13  0:12  Probe  
  14  0:16  Pylon  
  14  0:24  Probe  
  15  0:32  Probe  
  15  0:37  Gateway  
  15  0:40  Probe  
  16  0:46  Assimilator  
  17  0:51  Probe  
  17  0:55  Assimilator  
  18  1:03  Probe  
  19  1:15  Probe  
  20  1:24  Cybernetics Core  
  20  1:27  Probe  
  20  1:29  Pylon  
  21  1:50  Stalker  
  23  2:02  Robotics Facility  
  23  2:07  Robotics Facility  
  23  2:10  Shield Battery  
  23  2:20  Stalker  
  25  2:39  Immortal  
  25  2:46  Warp Prism  
  29  2:55  Pylon  
  31  3:18  Immortal  
  35  3:37  Immortal  
  39  3:53  Pylon  
  39  4:11  Immortal  
  39  4:16  Immortal  
Show
View Real Time Build Order
Export as new Build Order

IA (très facile) Terran - Winner!

Build Orders:  

Get SALT Encoding   

  6  0:00  SCV  
  13  0:13  SCV  
  14  0:18  Supply Depot  
  14  0:37  Refinery  
  14  0:41  Barracks  
  14  1:03  Supply Depot  
  14  1:11  Refinery  
  14  1:29  Marine, SCV  
  16  1:41  SCV  
  17  1:53  SCV  
  18  2:01  Marine  
  18  2:05  SCV  
  20  2:17  SCV  
  21  2:29  SCV  
  22  2:33  Marine  
  23  2:42  Orbital Command  
  23  3:25  Marine  
  24  3:28  Supply Depot  
  21  3:34  SCV  
  19  3:46  SCV  
  19  3:54  Marine  
  17  3:58  SCV  
  10  4:10  SCV  
  7  4:22  Marine, SCV  
  8  4:26  Supply Depot  
  4  4:34  SCV  
  2  4:56  Supply Depot  
Tags
 
Matchup
PvT
Spawn Locations
Cross Positions
Add a new tag
Caveats
  • Supply blocks, unpowered buildings, or Contaminate may cause inaccurate times.
  • Supply counts are checked every 10 seconds.